Unix NetHack Version 5.0.0-0 post-release - last build May  4 2026 22:22:43 (774f63e81ad911689b3a0859ea89b322d5daca8d,branch:main).

Game began 2026-05-05 12:33:43, ended 2026-05-05 15:28:03.

182320070181818, lawful female human Samurai

      ------------
      |..........|
      |....<.....|
      --|------.--      -------
        #      #        |..>..
               #         .....
              ##           ..
             ##             .
         #####              @#
    -----.---                d
    |.......|      `         #
    |.......|   ############ #
    |.......-##### #---------.--
    |.......|  ### #|..........|
    |.......|      #-..........-
    ---------       |.d........|
                    -------|----

182320070181818 the Ronin  St:17 Dx:15 Co:18 In:11 Wi:7 Ch:6  Lawful
Dlvl:4  $:33 HP:0(32) Pw:11(11) AC:4  Xp:3 T:1215  Weak    

Latest messages:
 You regain consciousness.
 You see here a gunyoki.
 k - a gunyoki.
 What do you want to eat? [k or ?*] *
 Never mind.
 You see here 9 gold pieces.
 $ - 9 gold pieces (33 in total).
 You faint from lack of food.
 You regain consciousness.
 You can hear again.
 You faint from lack of food.
 You regain consciousness.
 The door opens.
 This food really hits the spot!
 You can hear again.
 You stop eating the gunyoki.
 You feel hungry.
 With great effort you move the boulder.
 The door opens.
 You see here a statue of a jackal.
 You have a little trouble lifting a statue of a jackal.  Continue? [ynq] (q) n
 You are beginning to feel weak.
 The little dog bites!
 The garter snake bites!
 You miss the garter snake.
 The little dog bites!
 You kill the garter snake!
 The little dog misses!
 The little dog bites!
 You hear the splashing of a naiad.
 You see here a scroll labeled VELOX NEB.
 l - a scroll labeled VELOX NEB.
 The little dog bites!
 There is nothing here to pick up.
 You miss the garter snake.
 The garter snake bites!
 You miss the garter snake.
 The garter snake bites!
 The little dog bites!
 You kill the garter snake!
 The little dog bites!
 You see here a garter snake corpse.
 m - a garter snake corpse.
 The little dog bites!
 You die...
 Do you want your possessions identified? [ynq] (y) y
 Do you want to see your attributes? [ynq] (y) y
 Do you want an account of creatures vanquished? [ynaq] (y) y
 Do you want to see your conduct and achievements? [ynq] (y) y
 Do you want to see the dungeon overview? [ynq] (y) y

Inventory:
 Coins    ('$')
  $ - 33 gold pieces
 Weapons  (')')
  d - 36 +0 ya (in quiver)
  c - a +0 yumi
  g - a rustproof +0 orcish dagger
  a - a +0 katana (weapon in right hand)
  b - a +0 wakizashi (alternate weapon; not wielded)
 Armor    ('[')
  e - an uncursed rustproof +0 splint mail (being worn)
 Comestibles  ('%')
  k - an uncursed partly eaten gunyoki
  m - an uncursed garter snake corpse
 Scrolls  ('?')
  l - a cursed scroll of gold detection
 Wands    ('/')
  h - a wand of enlightenment (0:13)

182320070181818 the Samurai's attributes:

Background:
 You were a Ronin, a level 3 female human Samurai.
 You were lawful, nominally on a mission for Amaterasu Omikami
 who was opposed by Raijin (neutral) and Susanowo (chaotic).
 You were right-handed.
 You were in the Dungeons of Doom, on level 4.
 You entered the dungeon 1215 turns ago.
 You had 51 experience points, 29 more were needed to attain level 4.

Basics:
 You had 0 out of 32 hit points.
 You had all 11 energy points (spell power).
 Your armor class was 4.
 Your wallet contained 33 zorkmids.
 Autopickup was off.

Final Characteristics:
 Your strength was 17 (base:18, limit:18/100).
 Your dexterity was 15 (limit:18).
 Your constitution was 18 (limit:18).
 Your intelligence was 11 (limit:18).
 Your wisdom was 7 (limit:18).
 Your charisma was 6 (limit:18).

Final Status:
 You were weak from severe hunger.
 You were unencumbered.
 You were wielding a long sword.
 You had basic skill with long sword.

Final Attributes:
 You were devoutly aligned.
 You saw invisible.
 You were warded.
 You were fast.
 You are dead.

Miscellaneous:
 You didn't encounter any bones levels.
 Total elapsed playing time was 56 minutes and 49 seconds.

Major events:
 Turn
    1: 182320070181818 the lawful female human Samurai entered the dungeon
  540: attained the rank of Ronin (level 3)
 1215: killed by a little dog

You didn't know any spells.

Skills:
 Fighting Skills
   martial arts      [Basic]
   two weapon combat [Unskilled]
   riding            [Unskilled]
 Weapon Skills
   dagger            [Unskilled]
   knife             [Unskilled]
   short sword       [Basic]
   broadsword        [Unskilled]
   long sword        [Basic]
   two-handed sword  [Unskilled]
   saber             [Unskilled]
   flail             [Unskilled]
   quarterstaff      [Unskilled]
   polearms          [Unskilled]
   spear             [Unskilled]
   lance             [Unskilled]
   bow               [Basic]
   shuriken          [Unskilled]
 Spellcasting Skills
   attack spells     [Unskilled]
   divination spells [Unskilled]
   clerical spells   [Unskilled]

Voluntary challenges:
 Character rerolling was not enabled.
 You were an atheist.
 You never genocided any monsters.
 You never polymorphed an object.
 You never changed form.
 You used no wishes.
Achievements:
 You entered a shop.
 You attained the rank of Ronin.

 The Dungeons of Doom: levels 1 to 4
    Level 1:
    Level 2:
       A scroll shop, a fountain.
    Level 3:
       A sink.
    Level 4: <- You were here.
       Final resting place for
          you, killed by a little dog.


Vanquished creatures:
  a large kobold
  2 garter snakes
  a gnome zombie
  a fox
  a kobold
  a goblin
  3 sewer rats
  a bat
  2 lichens
  5 newts
18 creatures vanquished.

No species were genocided or became extinct.

Game over:
                       ----------
                      /          \
                     /    REST    \
                    /      IN      \
                   /     PEACE      \
                  /                  \
                  | 182320070181818  |
                  |      33 Au       |
                  |   killed by a    |
                  |    little dog    |
                  |                  |
                  |                  |
                  |       2026       |
                 *|     *  *  *      | *
        _________)/\\_//(\/(/\)/\//\/|_)_______

Sayonara 182320070181818 the Samurai...

You died in The Dungeons of Doom on dungeon level 4 with 384 points,
and 33 pieces of gold, after 1215 moves.
You were level 3 with a maximum of 32 hit points when you died.

